 Dungeon Sprint DCSS version 0.24-a0-244-ga6a6ab7 (webtiles) character file.

Game seed: 719422518008963901

5182 MikeHunt the Arsonist (level 10, -37/81 HPs)
             Began as a Black Draconian Fire Elementalist on Apr 11, 2019.
             Was a High Priest of Vehumet.
             Killed from afar by a balrug (40 damage)
             ... with a bolt of fire
             ... summoned by a deep elf demonologist
             ... in the Dungeon (Sprint III: "The Ten Rune Challenge").
             The game lasted 00:13:21 (1818 turns).

MikeHunt the Arsonist (DrFE)                        Turns: 1818, Time: 00:13:22

Health: -37/81     AC: 10    Str: 11    XL:     10   Next: 34%
Magic:  25/25      EV: 14    Int: 18    God:    Vehumet [*****.]
Gold:   9489       SH:  0    Dex: 12    Spells: 7/32 levels left

rFire    . . .     SeeInvis .   i - +1 mace (protect)
rCold    . . .     Gourm    .   (no shield)
rNeg     . . .     Faith    .   (armour unavailable)
rPois    .         Spirit   .   (helmet restricted)
rElec    +         Reflect  .   (no cloak)
rCorr    .         Harm     .   r - +2 pair of gloves
MR       .....     NoTele   +   (no boots)
Stlth    ++........             (no amulet)
HPRegen  0.23/turn              (no ring)
MPRegen  0.19/turn              (no ring)

@: no status effects
A: breathe lightning, unfitting armour, hooves 1, electricity resistance, wild
magic 1, evolution 1, cold-blooded, AC +7
a: Breathe Lightning, Renounce Religion


You were in the Dungeon.
You worshipped Vehumet.
Vehumet was extremely pleased with you.
You were not hungry.

You visited 1 branch You collected 9670 gold pieces.
You spent 181 gold pieces at shops.

Inventory:

Hand Weapons
 i - a +1 mace of protection (weapon)
Armour
 r - a +2 pair of gloves (worn)
Scrolls
 a - 2 scrolls of remove curse {unknown}
 h - a scroll of blinking
 k - a scroll of immolation {unknown}
 l - 2 scrolls of identify
 m - a scroll of enchant weapon {unknown}
 o - a scroll of holy word {unknown}
Potions
 c - 2 potions of curing
 e - a potion of haste
 f - 2 potions of magic
 g - 4 potions of mutation
 n - 3 potions of flight
 p - a potion of berserk rage
 q - a potion of might
Comestibles
 b - 2 rations
 j - 2 chunks of flesh {@w1}


   Skills:
 + Level 5.1 Fighting
 + Level 4.7 Dodging
 - Level 1.7 Stealth
 - Level 11.5 Spellcasting
 - Level 12.9 Conjurations
 + Level 4.6 Translocations
 - Level 13.2 Fire Magic
 + Level 4.6 Ice Magic
 + Level 5.6 Air Magic


You had 7 spell levels left.
You knew the following spells:

 Your Spells              Type           Power        Failure   Level  Hunger
a - Conjure Flame         Conj/Fire      ######..     1%          3    None
b - Searing Ray           Conj           ######       1%          2    None
c - Freezing Cloud        Conj/Ice/Air   #####.....   16%         6    ######.
e - Flame Tongue          Conj/Fire      #####        1%          1    None
f - Fireball              Conj/Fire      ######....   1%          5    ####...
q - Blink                 Tloc           N/A          3%          2    None
r - Throw Flame           Conj/Fire      ######       1%          2    None
t - Sticky Flame          Conj/Fire      ######..     1%          4    ##.....

Your spell library contained the following spells:

 Spells                   Type           Power        Failure   Level  Hunger
 Magic Dart               Conj           ####         1%          1    None
 Inner Flame              Hex/Fire       #####...     1%          3    None
 Mephitic Cloud           Conj/Pois/Air  #####...     1%          3    None
 Gell's Gravitas          Tloc           #####.....   5%          3    None
 Confusing Touch          Hex            ##....       11%         1    None
 Call Imp                 Summ           ##......     16%         2    None
 Slow                     Hex            ##......     16%         2    None
 Confuse                  Hex            ##......     28%         3    None
 Yara's Violent Unravell  Hex/Tmut       ##........   47%         5    ####...
 Petrify                  Tmut/Erth      ##......     65%         4    ##.....
 Metabolic Englaciation   Hex/Ice        ###.......   67%         5    ####...


Dungeon Overview and Level Annotations

Branches:
Dungeon (1/1)

Altars:
Cheibriados
Dithmenos
Elyvilon
Fedhas
Kikubaaqudgha
Makhleb
Okawaru
Qazlal
Ru
Sif Muna
Trog
Uskayaw
Vehumet
Wu Jian
Xom
Yredelemnul
Zin
The Shining One
Beogh

Shops:
D [

Annotations:
D 1 exclusion


Innate Abilities, Weirdness & Mutations

You can breathe wild blasts of lightning.
Your glossy black scales are hard. (AC +7)
You cannot fit into any form of body armour.
You are resistant to electric shocks. (rElec)
You are cold-blooded and may be slowed by cold attacks.
You have large cloven feet.
Your spells are a little harder to cast, but a little more powerful.
You evolve.


Message History

There is an open door here.
The balrug gestures at you. Something smites you!
You see here a +0 long sword of holy wrath.
You close the door.
Something unseen opens the door.
You feel much better. The balrug gestures at you.
The fireball explodes!
The fireball engulfs you!!
* * * LOW HITPOINT WARNING * * *
The balrug gestures at you. Something smites you!
* * * LOW HITPOINT WARNING * * *
The balrug gestures at you.
The fireball explodes!
The fireball engulfs you!
* * * LOW HITPOINT WARNING * * *
You see here a +0 short sword.
The balrug gestures at you. The bolt of fire hits you!!!
You die...

▓▓▓▓ ▓▓▓ ▓▓ ▓▓▓ ...####
##.############.##.####
......#####..#___#___#__##..∩....
..[....#..#..#...#__.#._#........
#.##...#..#..###'#)###)##........
#.###..##)#.[#)).....[..#...2)...
##.##..###...')⌠.)...2).#.#.##.##
..##..####..(#..@######'#..#####
..##..###).)[#.⌠.# #.).#2#######
.##...##.)...#)..# #..)#.§≈§§'.#
##..).#).....#'###_ #..2#.#≈§§#.#
##..##)#.....#[..#__#...).#§.v#
#..#####....#___#__'...#.# §.#
▓▓▓▓ ▓▓▓▓▓▓▓▓▓▓▓▓▓▓▓▓▓▓▓ ▓▓▓


You could see a balrug.

Vanquished Creatures
  Josephine (D)
  An orc high priest (D)
  An orc knight (D)
  6 deep elf magi (D)
  A shadow (D)
  An orc warrior (D)
  A necrophage (D)
  A water elemental (D)
  An orc priest (D)
  A jelly (D)
  Jessica (D)
  A necromancer (D)
  4 orc wizards (D)
  A wizard (D)
  3 humans (D)
  A kobold demonologist (D)
  A wolf (D)
  2 oozes (D)
  10 orcs (D)
39 creatures vanquished.

Vanquished Creatures (others)
  2 draconian scorchers (D)
  6 hellions (D)
  2 yaktaurs (D)
  An electric eel (D)
11 creatures vanquished.

Grand Total: 50 creatures vanquished

Notes
Turn   | Place    | Note
-------+----------+-------------------------------------------
     0 | D        | MikeHunt the Draconian Fire Elementalist began the quest
                  | for the Orb.
     0 | D        | Reached XP level 1. HP: 14/14 MP: 3/3
    35 | D        | Killed a yaktaur
    67 | D        | Reached XP level 2. HP: 16/20 MP: 2/7
    91 | D        | Learned a level 2 spell: Throw Flame
   100 | D        | Killed a hellion
   117 | D        | Noticed Jessica
   123 | D        | Killed Jessica
   123 | D        | Reached XP level 3. HP: 26/26 MP: 2/10
   138 | D        | Killed a hellion
   140 | D        | Killed a hellion
   168 | D        | Learned a level 3 spell: Conjure Flame
   171 | D        | Killed a white draconian scorcher
   180 | D        | Killed a white draconian scorcher
   190 | D        | Killed a hellion
   190 | D        | Killed a hellion
   214 | D        | Killed a hellion
   265 | D        | Reached skill level 4 in Fire Magic
   265 | D        | Reached XP level 4. HP: 33/33 MP: 7/12
   275 | D        | Learned a level 4 spell: Sticky Flame
   292 | D        | Gained mutation: You have large cloven feet. [potion of
                  | mutation]
   292 | D        | Gained mutation: You evolve. [potion of mutation]
   292 | D        | Gained mutation: Your spells are a little harder to cast,
                  | but a little more powerful. [potion of mutation]
   301 | D        | Noticed a water elemental
   310 | D        | Killed a water elemental
   310 | D        | Reached skill level 5 in Conjurations
   310 | D        | Reached skill level 6 in Fire Magic
   372 | D        | Found a radiant altar of Vehumet.
   375 | D        | Found a deep blue altar of Sif Muna.
   375 | D        | Found an ancient bone altar of Kikubaaqudgha.
   375 | D        | Noticed a wizard
   380 | D        | Noticed a rust devil
   381 | D        | Reached XP level 5. HP: 31/38 MP: 1/13
   458 | D        | Became a worshipper of Vehumet
   463 | D        | Learned a level 2 spell: Blink
   523 | D        | Found a basalt altar of Yredelemnul.
   523 | D        | Found a shadowy altar of Dithmenos.
   523 | D        | Found a sacrificial altar of Ru.
   523 | D        | Noticed a necrophage
   526 | D        | Reached skill level 7 in Fire Magic
   533 | D        | Killed a necrophage
   533 | D        | Reached skill level 8 in Fire Magic
   533 | D        | Reached XP level 6. HP: 14/44 MP: 3/15
   740 | D        | Killed a yaktaur
   753 | D        | Learned a level 5 spell: Fireball
   772 | D        | Noticed a shadow
   776 | D        | Killed a shadow
   776 | D        | Reached * piety under Vehumet
   776 | D        | Offered knowledge of Shock by Vehumet.
   776 | D        | Reached skill level 9 in Fire Magic
   859 | D        | Found a hide-covered altar of Uskayaw.
   859 | D        | Found a roughly hewn altar of Beogh.
   859 | D        | Found an iron altar of Okawaru.
   859 | D        | Found a bloodstained altar of Trog.
   859 | D        | Found an ornate altar of the Wu Jian Council.
   859 | D        | Noticed a human
   861 | D        | Killed a human
   861 | D        | Your scales start taking on a glossy black colour.
   861 | D        | Reached XP level 7. HP: 49/49 MP: 6/18
   861 | D        | Gained mutation: You are resistant to electric shocks.
                  | (rElec) [Black Draconian growth]
   861 | D        | Noticed a human
   862 | D        | Killed a human
   862 | D        | Reached ** piety under Vehumet
   862 | D        | Reached skill level 10 in Fire Magic
   935 | D        | Found a glowing silver altar of Zin.
   935 | D        | Found a glowing golden altar of the Shining One.
   935 | D        | Found a white marble altar of Elyvilon.
   935 | D        | Noticed a deep elf mage
   937 | D        | Killed a deep elf mage
   937 | D        | Offered knowledge of Sandblast by Vehumet.
   937 | D        | Reached skill level 10 in Conjurations
   937 | D        | Reached skill level 11 in Fire Magic
   937 | D        | Reached XP level 8. HP: 48/56 MP: 8/21
  1013 | D        | Found a blossoming altar of Fedhas.
  1013 | D        | Found a stormy altar of Qazlal.
  1013 | D        | Found a snail-covered altar of Cheibriados.
  1013 | D        | Found a burning altar of Makhleb.
  1013 | D        | Found a shimmering altar of Xom.
  1027 | D        | Noticed an orc knight
  1051 | D        | Reached *** piety under Vehumet
  1079 | D        | Killed an orc knight
  1079 | D        | Reached skill level 10 in Spellcasting
  1180 | D        | Offered knowledge of Searing Ray by Vehumet.
  1185 | D        | Learned a level 2 spell: Searing Ray
  1223 | D        | Offered knowledge of Fulminant Prism by Vehumet.
  1223 | D        | Reached skill level 12 in Fire Magic
  1231 | D        | Reached **** piety under Vehumet
  1333 | D        | Reached ***** piety under Vehumet
  1341 | D        | Noticed an orc high priest
  1344 | D        | Noticed a rust devil
  1347 | D        | Killed an orc high priest
  1347 | D        | Reached XP level 9. HP: 45/61 MP: 7/23
  1350 | D        | Noticed Josephine
  1375 | D        | Offered knowledge of Stone Arrow by Vehumet.
  1378 | D        | Killed Josephine
  1378 | D        | Reached skill level 13 in Fire Magic
  1572 | D        | Found Qukhy's Armour Shop.
  1579 | D        | Offered knowledge of Freezing Cloud by Vehumet.
  1589 | D        | Learned a level 6 spell: Freezing Cloud
  1609 | D        | Bought a +2 pair of gloves for 181 gold pieces
  1685 | D        | Noticed a deep elf mage
  1685 | D        | Noticed a deep elf mage
  1685 | D        | Noticed a deep elf mage
  1685 | D        | Noticed a deep elf mage
  1685 | D        | Noticed a deep elf mage
  1688 | D        | Killed a deep elf mage
  1688 | D        | Reached skill level 1 in Translocations
  1688 | D        | Reached skill level 1 in Ice Magic
  1689 | D        | Killed a deep elf mage
  1689 | D        | Reached XP level 10. HP: 73/76 MP: 13/25
  1690 | D        | Killed a deep elf mage
  1690 | D        | Killed a deep elf mage
  1690 | D        | Reached skill level 5 in Air Magic
  1693 | D        | Killed a deep elf mage
  1693 | D        | Reached skill level 5 in Fighting
  1697 | D        | Noticed a deep elf mage
  1698 | D        | Noticed a deep elf demonologist
  1783 | D        | Identified the +12 hand axe of Salt {pain, rPois rC- Str+4
                  | Dex-3}
  1783 | D        | Identified the ring "Caun" {Ice +Inv rN+++ MR- Int-3}
  1783 | D        | Noticed a deep elf death mage
  1785 | D        | Noticed a balrug
  1817 | D        | HP: 2/81 [balrug/fireball[a deep elf demonologist] (15)]
  1818 | D        | Killed from afar by a balrug

Levels and vault maps discovered:
D:        dungeon_sprint_mu [sprint_mu_entry_cave, sprint_mu_temple_rooms,
          sprint_mu_d1_horrors, sprint_mu_d2_genie, sprint_mu_d3_branching,
          sprint_mu_orc_legion, sprint_mu_elf_gauntlet, sprint_mu_hive_nellie,
          sprint_mu_lair_fedhas, sprint_mu_vaults_butterflies,
          sprint_mu_slime_circle, sprint_mu_shoals_archi,
          sprint_mu_snake_twists, sprint_mu_blade_basic,
          sprint_mu_crypt_chambers, sprint_mu_tomb_spiral,
          sprint_mu_vestibule_basic, sprint_mu_gehenna_hellfire,
          sprint_mu_dis_giant, sprint_mu_tartarus_statrot,
          sprint_mu_cocytus_islands, sprint_mu_zot1]

Skill      XL: |  1  2  3  4  5  6  7  8  9 10 |
---------------+-------------------------------+-----
Spellcasting   | 4 6 7 9 10 11 | 11.5
Conjurations   | 3 5 7 9 10 12 | 12.9
Fire Magic     | 4 6 8 9 11 12 13 | 13.2
Fighting       | 3 5 |  5.1
Dodging        | 3 4 |  4.7
Translocations | 2 4 |  4.6
Ice Magic      | 2 4 |  4.6
Air Magic      | 3 5 |  5.6
Stealth        | |  1.7

Action                   |  1- 3 |  4- 6 |  7- 9 | 10-12 || total
-------------------------+-------+-------+-------+-------++-------
Melee: Unarmed           |     2 |       |       |       ||     2
       Short sword       |     2 |       |       |       ||     2
       Mace              |       |       |    14 |       ||    14
       Kick              |       |       |     7 |       ||     7
       Long sword        |       |       |     2 |       ||     2
       Tailslap          |       |       |     2 |       ||     2
 Cast: Flame Tongue      |    13 |    11 |    13 |       ||    37
       Throw Flame       |     5 |     3 |     7 |     3 ||    18
       Sticky Flame      |       |     3 |     4 |       ||     7
       Conjure Flame     |       |     1 |       |       ||     1
       Fireball          |       |     2 |    14 |     2 ||    18
 Abil: Breathe Lightning |       |       |     4 |       ||     4
  Use: Potion            |     1 |     1 |       |     1 ||     3
       Scroll            |       |       |     1 |       ||     1
  Eat: Ration            |       |     1 |     1 |       ||     2
       Chunk             |       |       |     2 |       ||     2
Armor: Skin              |     3 |     2 |     7 |       ||    12
Dodge: Dodged            |     4 |     6 |    21 |       ||    31
       Rpst.: Long sword |       |       |     3 |       ||     3

Table legend:
 A = Non-vault XP
 B = Vault XP
 C = Vault XP percentage of total XP
 D = Non-vault monster count
 E = Vault monster count
 F = Vault count percentage of total count
                 A         B        C        D         E       F
            +---------+---------+-------+---------+---------+-------
      Total |       0 |    7403 | 100.0 |       0 |      39 | 100.0
            +---------+---------+-------+---------+---------+-------
          D |       0 |    7403 | 100.0 |       0 |      39 | 100.0
            +---------+---------+-------+---------+---------+-------
